AoeStats
← The Polished Pole

Arena

510445911Analyzed
1v1 RM · 2d ago on Oct 1, 2026· 30m 5s· 2 players
Game mode
Random Map
Map size
Tiny (2 player)
Population
200
Speed
Normal
Resources
Standard
Victory
Conquest
Starting age
Dark Age
Ending age
Imperial Age
RankedLock teamsTeams togetherTeam positionsShared explorationLock speedFull tech treeHidden civsTurbo modeCheats
Victory
Defeat
🇺🇸 Poles · United States
427
+18
🇺🇸 Byzantines · United States
478
-18
The Polished Pole
0:37 Loom
3:17 Loom
11:52 Feudal Age
13:13 Wheelbarrow
12:43 Horse Collar
13:13 Double-Bit Axe
18:02 Bloodlines
22:23 Castle Age
20:53 Fletching
21:06 Padded Archer Armor
22:43 Forging
22:40 Scale Barding Armor
23:45 Hand Cart
23:41 Heavy Plow
23:53 Bow Saw
24:00 Bodkin Arrow
25:08 Szlachta Privileges
25:26 Husbandry
26:43 Leather Archer Armor
Tiger Eyes
0:36 Loom
10:17 Feudal Age
14:33 Double-Bit Axe
14:29 Horse Collar
19:46 Castle Age
23:28 Crossbowman
25:29 Man-at-Arms
25:31 Elite Skirmisher
27:29 Long Swordsman
28:11 Squires
28:47 Fletching
Connection lost

Rejoining the realm…

Still unreachable

The connection could not be restored.

Session expired

The server has moved on; the page needs a fresh start.